[ PARTIDA AOE2 · #507113164 ]
UnrankedPortugueses vs Koreans
Equipo del jugador · DERR
Equipo rival · VICT
[ ANÁLISIS DE REPETICIÓN · EXTRAÍDO DE LA PARTIDA GRABADA ]
Feudal
8:32
Castillos
24:12
Imperial
—
| APM promedio | 60.1 |
| APM pico | 93 |
| eAPM promedio | 24.2 |
| Aldeanos / militares | 60 / 42 |
Foco
⚔️ 46.4% · 🌾 53.6%
Archer ×21 · Skirmisher ×10 · Scout Cavalry ×10 · Spearman ×1
Feudal
9:50
Castillos
22:55
Imperial
—
| APM promedio | 66.5 |
| APM pico | 114 |
| eAPM promedio | 31.7 |
| Aldeanos / militares | 77 / 36 |
Foco
⚔️ 35.7% · 🌾 64.3%
Skirmisher ×16 · War Wagon ×13 · Spearman ×7
Mapa de la partida
Recursos iniciales + cada clic de construcción. Líneas = muros · curvas = relieve. ◆ oro · ⬟ piedra · ● bayas · ✦ reliquia · ◌ hueco del cierre
Tu base· ✓ Cerrada en 24:12 · 55t muro · 2 puerta(s)
Base de sansarr_· ✓ Cerrada en 22:55 · 40t muro · sin puerta
Terreno inicial suavizado · ◌ = hueco del cierre detectado · pasá el cursor para detalles
Inputs por minuto
— Lootuskukka - - sansarr_
Build order — Lootuskukka
Primeras 150 de 216 acciones detectadas
| 0:00 | Encolar | Villager (Male) |
| 0:01 | Encolar | Villager (Male) |
| 0:01 | Encolar | Villager (Male) |
| 0:02 | Construir | House |
| 0:03 | Construir | House |
| 0:11 | Encolar | Villager (Male) |
| 0:11 | Encolar | Villager (Male) |
| 1:26 | Encolar | Villager (Male) |
| 1:26 | Encolar | Villager (Male) |
| 1:59 | Encolar | Villager (Male) |
| 2:20 | Construir | Lumber Camp |
| 2:37 | Encolar | Villager (Male) |
| 3:01 | Encolar | Villager (Male) |
| 3:01 | Encolar | Villager (Male) |
| 3:36 | Encolar | Villager (Male) |
| 3:36 | Encolar | Villager (Male) |
| 3:57 | Construir | House |
| 4:01 | Construir | House |
| 4:24 | Encolar | Villager (Male) |
| 4:35 | Construir | House |
| 5:03 | Encolar | Villager (Male) |
| 5:10 | Construir | Mining Camp |
| 5:30 | Encolar | Villager (Male) |
| 5:31 | Investigar | Loom |
| 6:22 | Investigar | Feudal Age |
| 7:18 | Construir | Barracks |
| 7:25 | Construir | Barracks |
| 8:14 | Encolar | Villager (Male) |
| 8:32 | Edad | Edad Feudal |
| 8:33 | Construir | Archery Range |
| 8:45 | Investigar | Double-Bit Axe |
| 8:45 | Encolar | Villager (Male) |
| 8:53 | Encolar | Spearman |
| 9:00 | Encolar | Villager (Male) |
| 9:11 | Construir | Mill |
| 9:28 | Encolar | Archer |
| 9:30 | Construir | House |
| 9:42 | Construir | House |
| 9:43 | Construir | Palisade Wall |
| 9:56 | Encolar | Villager (Male) |
| 10:08 | Encolar | Archer |
| 10:12 | Construir | Farm |
| 10:24 | Encolar | Villager (Male) |
| 10:31 | Construir | Farm |
| 10:44 | Encolar | Archer |
| 10:49 | Construir | Palisade Wall |
| 10:49 | Construir | Palisade Wall |
| 11:01 | Encolar | Villager (Male) |
| 11:02 | Construir | Farm |
| 11:05 | Construir | House |
| 11:07 | Construir | Palisade Wall |
| 11:15 | Encolar | Archer |
| 11:35 | Construir | House |
| 11:35 | Encolar | Villager (Male) |
| 11:35 | Encolar | Villager (Male) |
| 11:35 | Encolar | Villager (Male) |
| 11:35 | Encolar | Archer |
| 11:43 | Construir | House |
| 11:45 | Construir | Palisade Wall |
| 11:45 | Construir | Palisade Wall |
| 11:46 | Construir | Palisade Wall |
| 11:49 | Encolar | Archer |
| 11:57 | Encolar | Villager (Male) |
| 12:00 | Construir | House |
| 12:01 | Construir | Palisade Wall |
| 12:03 | Construir | Palisade Wall |
| 12:17 | Encolar | Villager (Male) |
| 12:19 | Construir | House |
| 12:20 | Construir | Palisade Wall |
| 12:35 | Construir | Farm |
| 12:43 | Construir | House |
| 12:44 | Construir | Palisade Wall |
| 13:10 | Encolar | Villager (Male) |
| 13:24 | Construir | Stable |
| 13:25 | Encolar | Villager (Male) |
| 13:27 | Encolar | Archer |
| 13:36 | Encolar | Archer |
| 13:44 | Construir | Palisade Wall |
| 13:49 | Encolar | Villager (Male) |
| 13:50 | Construir | Farm |
| 13:53 | Construir | Farm |
| 14:00 | Construir | Palisade Wall |
| 14:10 | Construir | Palisade Wall |
| 14:13 | Construir | House |
| 14:17 | Encolar | Scout Cavalry |
| 14:17 | Encolar | Scout Cavalry |
| 14:20 | Construir | Farm |
| 14:22 | Construir | Farm |
| 14:32 | Encolar | Villager (Male) |
| 14:39 | Encolar | Archer |
| 14:45 | Encolar | Villager (Male) |
| 14:48 | Construir | Farm |
| 15:02 | Encolar | Villager (Male) |
| 15:04 | Construir | Farm |
| 15:11 | Construir | Farm |
| 15:33 | Encolar | Archer |
| 15:35 | Encolar | Scout Cavalry |
| 15:41 | Construir | Farm |
| 15:41 | Encolar | Villager (Male) |
| 16:00 | Encolar | Scout Cavalry |
| 16:01 | Encolar | Archer |
| 16:09 | Construir | Blacksmith |
| 16:16 | Encolar | Archer |
| 16:17 | Encolar | Villager (Male) |
| 16:17 | Encolar | Villager (Male) |
| 16:26 | Construir | Farm |
| 16:51 | Encolar | Archer |
| 16:57 | Investigar | Fletching |
| 16:57 | Encolar | Villager (Male) |
| 16:59 | Construir | Farm |
| 16:59 | Encolar | Villager (Male) |
| 17:00 | Construir | Farm |
| 17:05 | Encolar | Scout Cavalry |
| 17:09 | Encolar | Archer |
| 17:12 | Construir | Farm |
| 17:13 | Construir | Farm |
| 17:21 | Construir | Farm |
| 17:26 | Encolar | Scout Cavalry |
| 17:32 | Construir | Palisade Gate |
| 17:43 | Encolar | Archer |
| 17:45 | Encolar | Scout Cavalry |
| 17:54 | Construir | Lumber Camp |
| 17:55 | Encolar | Villager (Male) |
| 18:27 | Encolar | Villager (Male) |
| 18:30 | Construir | Farm |
| 18:39 | Encolar | Villager (Male) |
| 18:55 | Encolar | Villager (Male) |
| 19:04 | Construir | Stable |
| 19:05 | Encolar | Archer |
| 19:12 | Construir | Watch Tower |
| 19:25 | Construir | Mining Camp |
| 19:27 | Encolar | Villager (Male) |
| 19:40 | Construir | Palisade Gate |
| 19:49 | Encolar | Scout Cavalry |
| 20:02 | Construir | Farm |
| 20:02 | Construir | Farm |
| 20:07 | Encolar | Archer |
| 20:30 | Encolar | Villager (Male) |
| 20:57 | Encolar | Villager (Male) |
| 21:04 | Encolar | Archer |
| 21:05 | Encolar | Scout Cavalry |
| 21:26 | Construir | Stable |
| 21:32 | Investigar | Castle Age |
| 21:33 | Investigar | Castle Age |
| 21:53 | Encolar | Archer |
| 22:07 | Investigar | Horse Collar |
| 22:12 | Encolar | Archer |
| 22:16 | Construir | Watch Tower |
| 22:26 | Construir | Watch Tower |
| 22:35 | Construir | Watch Tower |
Build order — sansarr_
Primeras 150 de 206 acciones detectadas
| 0:00 | Encolar | Villager (Male) |
| 0:02 | Construir | House |
| 0:03 | Construir | House |
| 0:05 | Encolar | Villager (Male) |
| 0:34 | Encolar | Villager (Male) |
| 0:45 | Encolar | Villager (Male) |
| 0:45 | Encolar | Villager (Male) |
| 1:38 | Encolar | Villager (Male) |
| 1:40 | Encolar | Villager (Male) |
| 1:41 | Encolar | Villager (Male) |
| 2:15 | Encolar | Villager (Male) |
| 2:37 | Encolar | Villager (Male) |
| 2:38 | Encolar | Villager (Male) |
| 2:57 | Encolar | Villager (Male) |
| 2:57 | Encolar | Villager (Male) |
| 3:29 | Encolar | Villager (Male) |
| 3:30 | Encolar | Villager (Male) |
| 3:52 | Construir | House |
| 3:57 | Encolar | Villager (Male) |
| 4:19 | Encolar | Villager (Male) |
| 4:19 | Encolar | Villager (Male) |
| 4:30 | Encolar | Villager (Male) |
| 4:32 | Construir | House |
| 4:48 | Encolar | Villager (Male) |
| 4:48 | Encolar | Villager (Male) |
| 5:01 | Construir | Palisade Wall |
| 5:20 | Encolar | Villager (Male) |
| 5:27 | Encolar | Villager (Male) |
| 5:31 | Construir | Palisade Wall |
| 5:47 | Construir | Lumber Camp |
| 5:54 | Construir | Palisade Wall |
| 5:54 | Construir | Palisade Wall |
| 5:54 | Construir | Palisade Wall |
| 5:54 | Construir | Palisade Wall |
| 5:55 | Construir | Palisade Wall |
| 6:43 | Construir | Mill |
| 6:50 | Encolar | Villager (Male) |
| 6:57 | Investigar | Loom |
| 7:29 | Investigar | Feudal Age |
| 7:56 | Construir | Barracks |
| 8:07 | Encolar | Villager (Male) |
| 8:52 | Construir | House |
| 9:31 | Encolar | Villager (Male) |
| 9:50 | Edad | Edad Feudal |
| 9:53 | Construir | Archery Range |
| 9:55 | Investigar | Double-Bit Axe |
| 9:57 | Investigar | Horse Collar |
| 10:01 | Encolar | Villager (Male) |
| 10:04 | Construir | Farm |
| 10:19 | Construir | Farm |
| 10:42 | Encolar | Skirmisher |
| 10:42 | Encolar | Skirmisher |
| 10:44 | Construir | House |
| 11:02 | Encolar | Villager (Male) |
| 11:04 | Construir | Palisade Wall |
| 11:05 | Construir | Palisade Wall |
| 11:07 | Encolar | Villager (Male) |
| 11:09 | Construir | Farm |
| 11:13 | Construir | House |
| 11:14 | Encolar | Skirmisher |
| 11:17 | Construir | House |
| 11:23 | Encolar | Spearman |
| 11:51 | Encolar | Villager (Male) |
| 11:52 | Construir | Farm |
| 11:54 | Construir | Farm |
| 11:57 | Construir | Farm |
| 11:58 | Encolar | Skirmisher |
| 12:01 | Construir | House |
| 12:20 | Encolar | Villager (Male) |
| 12:23 | Construir | House |
| 12:28 | Encolar | Skirmisher |
| 12:30 | Construir | Palisade Wall |
| 12:31 | Construir | Palisade Wall |
| 12:34 | Construir | Palisade Wall |
| 12:37 | Construir | Palisade Wall |
| 12:54 | Encolar | Villager (Male) |
| 12:54 | Encolar | Villager (Male) |
| 13:19 | Construir | House |
| 13:19 | Encolar | Villager (Male) |
| 13:38 | Encolar | Villager (Male) |
| 13:44 | Construir | Farm |
| 13:44 | Construir | Farm |
| 13:46 | Construir | Lumber Camp |
| 13:53 | Construir | Farm |
| 13:53 | Construir | Farm |
| 14:02 | Encolar | Skirmisher |
| 14:02 | Encolar | Skirmisher |
| 14:06 | Construir | Palisade Wall |
| 14:06 | Construir | Palisade Wall |
| 14:13 | Encolar | Spearman |
| 14:13 | Encolar | Spearman |
| 14:27 | Encolar | Villager (Male) |
| 14:31 | Construir | Palisade Wall |
| 14:50 | Encolar | Villager (Male) |
| 14:54 | Construir | Blacksmith |
| 15:01 | Encolar | Skirmisher |
| 15:06 | Encolar | Villager (Male) |
| 15:06 | Construir | Farm |
| 15:07 | Construir | Farm |
| 15:24 | Encolar | Skirmisher |
| 15:36 | Encolar | Villager (Male) |
| 15:46 | Construir | Mining Camp |
| 15:47 | Encolar | Villager (Male) |
| 15:51 | Encolar | Spearman |
| 16:00 | Encolar | Spearman |
| 16:03 | Encolar | Skirmisher |
| 16:04 | Encolar | Skirmisher |
| 16:07 | Investigar | Fletching |
| 16:07 | Investigar | Fletching |
| 16:08 | Encolar | Villager (Male) |
| 16:09 | Construir | Farm |
| 16:12 | Construir | House |
| 16:21 | Construir | Farm |
| 16:21 | Construir | Farm |
| 16:24 | Construir | Farm |
| 16:55 | Encolar | Spearman |
| 17:07 | Encolar | Villager (Male) |
| 17:08 | Construir | Farm |
| 17:09 | Construir | Farm |
| 17:16 | Construir | House |
| 17:18 | Encolar | Villager (Male) |
| 17:32 | Encolar | Skirmisher |
| 17:36 | Encolar | Villager (Male) |
| 17:41 | Construir | Mining Camp |
| 17:51 | Encolar | Spearman |
| 18:29 | Encolar | Villager (Male) |
| 18:31 | Construir | Market |
| 18:58 | Encolar | Villager (Male) |
| 19:25 | Encolar | Villager (Male) |
| 19:26 | Construir | Farm |
| 19:34 | Encolar | Skirmisher |
| 20:15 | Investigar | Castle Age |
| 20:19 | Encolar | Villager (Male) |
| 20:22 | Construir | Lumber Camp |
| 20:33 | Construir | House |
| 20:43 | Investigar | Stone Mining |
| 20:43 | Investigar | Stone Mining |
| 20:52 | Investigar | Gold Mining |
| 20:52 | Investigar | Gold Mining |
| 21:15 | Encolar | Skirmisher |
| 21:15 | Encolar | Skirmisher |
| 21:57 | Encolar | Skirmisher |
| 22:39 | Encolar | Villager (Male) |
| 22:55 | Edad | Edad de los Castillos |
| 23:01 | Construir | Castle |
| 23:11 | Investigar | Bodkin Arrow |
| 23:12 | Investigar | Bodkin Arrow |
| 23:12 | Encolar | Villager (Male) |
| 23:19 | Construir | Town Center |
| 23:21 | Encolar | Villager (Male) |
Cronología de la partida
| 5:01 | sansarr_ · wall_segment Palisade Wall x6 |
| 5:31 | sansarr_ · wall_segment Palisade Wall x7 |
| 5:54 | sansarr_ · wall_segment Palisade Wall x3 |
| 5:54 | sansarr_ · wall_segment Palisade Wall x1 |
| 5:54 | sansarr_ · wall_segment Palisade Wall x1 |
| 5:54 | sansarr_ · wall_segment Palisade Wall x1 |
| 5:55 | sansarr_ · wall_segment Palisade Wall x1 |
| 7:18 | Lootuskukka · first_building Barracks |
| 7:56 | sansarr_ · first_building Barracks |
| 8:32 | Lootuskukka · age_up feudal |
| 8:33 | Lootuskukka · first_building Archery Range |
| 9:43 | Lootuskukka · wall_segment Palisade Wall x2 |
| 9:50 | sansarr_ · age_up feudal |
| 9:53 | sansarr_ · first_building Archery Range |
| 10:49 | Lootuskukka · wall_segment Palisade Wall x1 |
| 10:49 | Lootuskukka · wall_segment Palisade Wall x3 |
| 11:04 | sansarr_ · wall_segment Palisade Wall x5 |
| 11:05 | sansarr_ · wall_segment Palisade Wall x3 |
| 11:07 | Lootuskukka · wall_segment Palisade Wall x2 |
| 11:45 | Lootuskukka · wall_segment Palisade Wall x11 |
| 11:45 | Lootuskukka · wall_segment Palisade Wall x1 |
| 11:46 | Lootuskukka · wall_segment Palisade Wall x1 |
| 12:01 | Lootuskukka · wall_segment Palisade Wall x3 |
| 12:03 | Lootuskukka · wall_segment Palisade Wall x8 |
| 12:20 | Lootuskukka · wall_segment Palisade Wall x4 |
| 12:30 | sansarr_ · wall_segment Palisade Wall x1 |
| 12:31 | sansarr_ · wall_segment Palisade Wall x1 |
| 12:34 | sansarr_ · wall_segment Palisade Wall x1 |
| 12:37 | sansarr_ · wall_segment Palisade Wall x1 |
| 12:44 | Lootuskukka · wall_segment Palisade Wall x10 |
| 13:24 | Lootuskukka · first_building Stable |
| 13:44 | Lootuskukka · wall_segment Palisade Wall x1 |
| 14:00 | Lootuskukka · wall_segment Palisade Wall x2 |
| 14:06 | sansarr_ · wall_segment Palisade Wall x10 |
| 14:06 | sansarr_ · wall_segment Palisade Wall x4 |
| 14:10 | Lootuskukka · wall_segment Palisade Wall x1 |
| 14:31 | sansarr_ · wall_segment Palisade Wall x1 |
| 22:55 | sansarr_ · age_up castle |
| 23:01 | sansarr_ · first_building Castle |
| 23:27 | sansarr_ · first_market_buy 100 stone |
| 23:38 | sansarr_ · first_building Stable |
| 23:52 | Lootuskukka · wall_segment Stone Wall x1 |
| 23:52 | Lootuskukka · wall_segment Stone Wall x1 |
| 23:53 | Lootuskukka · wall_segment Stone Wall x1 |
| 23:53 | Lootuskukka · wall_segment Stone Wall x1 |
| 23:54 | Lootuskukka · wall_segment Stone Wall x1 |
| 23:54 | Lootuskukka · wall_segment Stone Wall x2 |
| 23:54 | Lootuskukka · wall_segment Stone Wall x1 |
| 23:54 | Lootuskukka · wall_segment Stone Wall x1 |
| 23:55 | Lootuskukka · wall_segment Stone Wall x1 |
| 24:08 | sansarr_ · wall_segment Palisade Wall x1 |
| 24:12 | Lootuskukka · age_up castle |
| 26:04 | Lootuskukka · wall_segment Stone Wall x1 |
| 26:04 | Lootuskukka · wall_segment Stone Wall x1 |
| 26:04 | Lootuskukka · wall_segment Stone Wall x1 |
| 26:04 | Lootuskukka · wall_segment Stone Wall x2 |
| 26:05 | Lootuskukka · wall_segment Stone Wall x1 |
| 26:09 | Lootuskukka · wall_segment Stone Wall x1 |
| 26:52 | Lootuskukka · wall_segment Palisade Wall x1 |
| 26:52 | Lootuskukka · wall_segment Palisade Wall x1 |
| 26:52 | Lootuskukka · wall_segment Palisade Wall x1 |
| 26:53 | Lootuskukka · wall_segment Palisade Wall x2 |
| 26:53 | Lootuskukka · wall_segment Palisade Wall x1 |
| 26:53 | Lootuskukka · wall_segment Palisade Wall x1 |
| 26:53 | Lootuskukka · wall_segment Palisade Wall x1 |
| 26:54 | Lootuskukka · wall_segment Palisade Wall x1 |
| 27:12 | Lootuskukka · first_building Siege Workshop |
| 28:16 | Lootuskukka · resign |
[ ANÁLISIS IA · 1 CRÉDITO ]
¿Qué pasó realmente en esta partida?
Wolo.gg analiza cada decisión: build order, eco, micro, errores típicos por bracket. Análisis personalizado por WhatsApp o Discord en 30 segundos.
Guía civ
Portugueses
Perfil
Jugador #18413060